 Dungeon Crawl Stone Soup version 0.19.1 (webtiles) character file.

174 Nakatomy the Magician (level 5, -2/28 HPs)
             Began as a Deep Elf Fire Elementalist on Dec 22, 2016.
             Killed from afar by an orc wizard (13 damage)
             ... with a puff of flame
             ... on level 5 of the Dungeon.
             The game lasted 00:14:37 (4853 turns).

Nakatomy the Magician (Deep Elf Fire Elementalist)  Turns: 4853, Time: 00:14:38

Health: -2/28      AC:  3    Str:  5    XL:     5   Next: 28%
Magic:  2/14       EV: 13    Int: 21    God:
Gold:   176        SH:  0    Dex: 15    Spells: 4 memorised, 5 levels left

rFire  . . .     SeeInvis .     r - +2 dagger (holy)
rCold  . . .     Gourm    .     a - +0 robe
rNeg   . . .     Faith    .     (no shield)
rPois  .         Spirit   .     (no helmet)
rElec  .         Reflect  .     (no cloak)
rCorr  .         Harm     .     f - +0 pair of gloves (curse)
MR     .....                    (no boots)
Stlth  ++........               (no amulet)
                                (no ring)
                                (no ring)

@: no status effects
A: no striking features
a: no special abilities


You were on level 5 of the Dungeon.
You were hungry.

You visited 1 branch of the dungeon, and saw 5 of its levels.

You collected 176 gold pieces.

Inventory:

Hand Weapons
 r - a +2 dagger of holy wrath (weapon)
Armour
 a - a +0 robe (worn)
 f - a cursed +0 pair of gloves (worn)
Scrolls
 e - 2 scrolls of enchant weapon {unknown}
 g - a scroll of remove curse {unknown}
 h - a scroll of fear {unknown}
 i - a scroll of teleportation {unknown}
 j - a scroll of enchant armour {unknown}
 k - a scroll of immolation {unknown}
 l - a scroll of fog {unknown}
 m - 3 scrolls of identify {unknown}
 n - 2 scrolls of recharging {unknown}
 s - 2 scrolls of random uselessness {unknown}
Potions
 d - a potion of resistance {unknown}
 o - 4 potions of flight {unknown}
 q - a potion of curing {unknown}
 t - a potion of brilliance {unknown}
 v - 2 potions of ambrosia {unknown}
 w - a potion of agility {unknown}
Books
 b - a book of Flames

   Spells                             Type                      Level
   a - Flame Tongue                   Conjuration/Fire             1
   b - Throw Flame                    Conjuration/Fire             2
   c - Conjure Flame                  Conjuration/Fire             3
   d - Inner Flame                    Hexes/Fire                   3
   e - Sticky Flame                   Conjuration/Fire             4
   f - Fireball                       Conjuration/Fire             5
Comestibles
 c - 2 bread rations
 p - 4 fruits
 u - 2 beef jerkies


   Skills:
 - Level 2.4 Dodging
 - Level 2.4 Stealth
 + Level 5.4 Spellcasting
 - Level 1.8 Conjurations
 + Level 5.2 Fire Magic


You had 5 spell levels left.
You knew the following spells:

 Your Spells              Type           Power        Failure   Level  Hunger
a - Flame Tongue          Conj/Fire      ###..        2%          1    None
b - Throw Flame           Conj/Fire      ###...       4%          2    None
c - Conjure Flame         Conj/Fire      ###.....     10%         3    ##.....
d - Inner Flame           Hex/Fire       ###.....     14%         3    ##.....


Dungeon Overview and Level Annotations

Branches:
Dungeon (5/15)
 Temple: D:4-7

Altars:
Dithmenos
Fedhas
Gozag
Kikubaaqudgha
Makhleb
Nemelex Xobeh
Uskayaw

Annotations:
D:3 malin's ghost, amateur GrMo


Message History

You're too confused to move!
The orc wizard casts a spell at you. You resist with some effort.
You bump into the rock wall.
The orc wizard gestures at you while chanting.
The puff of flame hits you!
You feel less confused.
A sky beast appears from thin air!
Reactivating autopickup.
You hear some strange, mumbled words.
A puff of flame appears from out of thin air!
Deactivating autopickup; reactivate with Ctrl-A.
The puff of flame misses you.
Casting: Flame Tongue
Confirm with . or Enter, or press ? or * to list all spells.
You don't have enough magic to cast that spell.
The orc wizard hits you with a dagger.
The orc wizard gestures at you while chanting.
The puff of flame hits you!
You die...

................
########.##.### #.#
# # #Y# #.#. #o#
#...##{#
#....o.##+########
######............#
.......@..........#
######............#
#.............
#.............
#######
###.............
####.....#
#........###+#<.
...'.....#
#........+ .
.###.....#
#........#
#..$..####........#


You could see a sky beast, an orc wizard and an orc.

Vanquished Creatures
  A hound (D:2)
  6 adders
  An ooze (D:3)
  4 worms
  A dart slug (D:4)
  A leopard gecko (D:2)
  4 orcs
  2 giant cockroaches
  8 goblins
  5 hobgoblins
  12 jackals
  8 kobolds
  A ball python (D:3)
  6 bats
  5 frilled lizards
  4 rats
69 creatures vanquished.

Vanquished Creatures (others)
  A leopard gecko (D:2)
1 creature vanquished.

Grand Total: 70 creatures vanquished

Notes
Turn   | Place    | Note
-------+----------+-------------------------------------------
     0 | D:1      | Nakatomy the Deep Elf Fire Elementalist began the quest for the Orb.
     0 | D:1      | Reached XP level 1. HP: 10/10 MP: 6/6
   252 | D:1      | Reached XP level 2. HP: 15/15 MP: 4/8
   258 | D:1      | Learned a level 2 spell: Throw Flame
  1165 | D:2      | Reached XP level 3. HP: 9/19 MP: 2/10
  1329 | D:2      | Learned a level 3 spell: Conjure Flame
  1333 | D:2      | Learned a level 3 spell: Inner Flame
  2162 | D:2      | Found a sparkling altar of Nemelex Xobeh.
  2323 | D:2      | Reached XP level 4. HP: 24/24 MP: 2/12
  2546 | D:2      | Found a burning altar of Makhleb.
  3080 | D:3      | Noticed malin's ghost (amateur GrMo)
  3148 | D:2      | Reached skill level 5 in Spellcasting
  3311 | D:3      | Found an ancient bone altar of Kikubaaqudgha.
  3726 | D:3      | Reached skill level 5 in Fire Magic
  3726 | D:3      | Reached XP level 5. HP: 28/28 MP: 12/14
  3731 | D:3      | Found a shadowy altar of Dithmenos.
  3814 | D:3      | Found a hide-covered altar of Uskayaw.
  3820 | D:3      | Noticed a dagger
  3822 | D:3      | Noticed a hand axe
  4040 | D:3      | Found a blossoming altar of Fedhas.
  4767 | D:5      | Entered Level 5 of the Dungeon
  4768 | D:5      | Found an opulent altar of Gozag.
  4829 | D:5      | Noticed a sky beast
  4853 | D:5      | Killed from afar by an orc wizard

Skill      XL: |  1  2  3  4 |
---------------+-------------+-----
Fire Magic     | 4 5 |  5.2
Spellcasting   | 4 5 |  5.4
Dodging        | |  2.4
Stealth        | |  2.4
Conjurations   | |  1.8

Action                   |  1- 3 |  4- 6 || total
-------------------------+-------+-------++-------
 Cast: Flame Tongue      |    33 |    30 ||    63
       Throw Flame       |    25 |    35 ||    60
       Inner Flame       |     1 |     2 ||     3
       Conjure Flame     |       |     4 ||     4
  Eat: Chunk             |     5 |     7 ||    12
Armor: Robe              |     3 |     1 ||     4
Dodge: Dodged            |     6 |     4 ||    10
